 Dungeon Crawl Stone Soup version 0.22-a0-265-g0d8bc90 (webtiles) character file.

254578 MatthieuS the Sharpshooter (level 19, -7/128 HPs)
             Began as a Gargoyle Wanderer on Mar 7, 2018.
             Was a High Priest of Okawaru.
             Killed from afar by a deep elf knight (25 damage)
             ... with an orb of energy
             ... on level 1 of the Vaults.
             The game lasted 02:00:20 (38788 turns).

MatthieuS the Sharpshooter (Gargoyle Wanderer)     Turns: 38788, Time: 02:00:20

Health: -7/128     AC: 44    Str: 24    XL:     19   Next: 75%
Magic:  28/28      EV: 13    Int: 13    God:    Okawaru [*****.]
Gold:   2409       SH:  0    Dex:  9    Spells: 18/18 levels left

rFire    + . .     SeeInvis .   w - +3 arbalest (freeze)
rCold    + + .     Gourm    .   (shield currently unavailable)
rNeg     + + .     Faith    .   r - +1 plate armour {rF+}
rPois    ∞         Spirit   .   t - +2 hat "Witid" {rC+ Regen+ Slay+5}
rElec    +         Reflect  .   F - +2 cloak {MR+}
rCorr    .         Harm     .   u - +2 pair of gloves of Okawaru's Supremacy {rPois Regen+}
MR       +++..                  A - +0 pair of boots
Stlth    ..........             q - amulet of the acrobat
HPRegen  1.11/turn              X - ring "Situfaifi" {rElec rN+ MR+}
MPRegen  0.21/turn              n - +3 ring of evasion

@: marked, flying
A: big wings, hooves 1, cold resistance 1, negative energy resistance 1,
electricity resistance, wild magic 1, unbreathing, petrification resistance, rot
immunity, MP-powered wands, AC +14
}: 2/15 runes: decaying, serpentine
a: Stop Flying, Heroism, Finesse, Renounce Religion


You were on level 1 of the Vaults.
You worshipped Okawaru.
Okawaru was extremely pleased with you.
You were not hungry.

You visited 6 branches of the dungeon, and saw 32 of its levels.
You also visited: Ice Cave and Volcano.

You collected 3304 gold pieces.
You spent 895 gold pieces at shops.

Inventory:

Hand Weapons
 a - a +7 lajatang of electrocution
   (Okawaru gifted it to you on level 1 of the Lair of Beasts)
 l - a +2 arbalest of flaming
   (Okawaru gifted it to you on level 15 of the Dungeon)
 w - a +3 arbalest of freezing (weapon)
   (Okawaru gifted it to you on level 8 of the Dungeon)
 C - a +0 triple crossbow of freezing
   (Okawaru gifted it to you on level 4 of the Snake Pit)
Missiles
 k - 413 bolts (quivered)
 P - 3 throwing nets {!f}
Armour
 r - a +1 plate armour of fire resistance (worn)
   (You found it in a volcano)
 t - the +2 hat "Witid" (worn) {rC+ Regen+ Slay+5}
   (Okawaru gifted it to you on level 4 of the Snake Pit)

   It affects your accuracy and damage with ranged weapons and melee attacks
   (+5).
   It protects you from cold.
   It increases your rate of regeneration.
 u - the +2 pair of gloves of Okawaru's Supremacy (worn) {rPois Regen+}
   (Okawaru gifted it to you on level 2 of the Snake Pit)

   It protects you from poison.
   It increases your rate of regeneration.
 A - a +0 pair of boots (worn)
   (You found it on level 7 of the Dungeon)
 F - a +2 cloak of magic resistance (worn)
   (You acquired it on level 4 of the Snake Pit)
Jewellery
 n - a +3 ring of evasion (right hand)
   (You found it on level 3 of the Dungeon)
 q - an amulet of the acrobat (around neck)
   (You found it on level 4 of the Dungeon)
 V - an uncursed ring of protection from fire
   (You found it on level 1 of the Snake Pit)
 X - the ring "Situfaifi" (left hand) {rElec rN+ MR+}
   (You acquired it on level 4 of the Lair of Beasts)

   [ring of positive energy]

   It insulates you from electricity.
   It protects you from negative energy.
   It affects your resistance to hostile enchantments.
Wands
 c - a wand of disintegration (29)
   (You found it on level 10 of the Dungeon)
 d - a wand of iceblast (9)
   (You took it off Pikel on level 7 of the Dungeon)
 p - a wand of digging (24)
   (You found it on level 5 of the Lair of Beasts)
 x - a wand of acid (21)
   (You found it on level 6 of the Dungeon)
Scrolls
 g - 5 scrolls of teleportation {@r4}
 s - a scroll of summoning
 v - 2 scrolls of immolation {!r}
 y - 3 scrolls of fear
 z - 16 scrolls of remove curse {@r2}
 D - 2 scrolls of silence
 J - 2 scrolls of fog
 K - 6 scrolls of amnesia
 Q - 8 scrolls of identify {@r1}
 T - 5 scrolls of enchant armour
 Y - 3 scrolls of magic mapping
Potions
 f - 4 potions of flight
 h - 4 potions of resistance
 j - 6 potions of brilliance
 m - 3 potions of cancellation
 o - 3 potions of mutation {!q}
 B - 7 potions of curing {@q1}
 E - a potion of invisibility
 G - 2 potions of ambrosia
 H - 2 potions of magic
 I - 7 potions of agility
 M - a potion of might
 S - a potion of haste {@q3}
Miscellaneous
 O - a fan of gales (inert)
   (You found it on level 4 of the Lair of Beasts)
Comestibles
 e - 47 rations


   Skills:
 + Level 17.5 Fighting
   Level 3.0 Short Blades
   Level 4.0(8.0) Maces & Flails
 + Level 10.7(11.0) Staves
 * Level 18.2 Crossbows
 - Level 1.0 Throwing
 + Level 17.4 Armour
 - Level 6.3 Dodging
 - Level 4.0 Stealth
 - Level 13.0 Invocations


You had 18 spell levels left.
You didn't know any spells.

Dungeon Overview and Level Annotations

Branches:
Dungeon (15/15)            Temple (0/1) D:6            Lair (6/6) D:8
  Swamp (4/4) Lair:3        Snake (4/4) Lair:2        Slime (0/5) Lair:5
    Orc (2/2) D:11            Elf (0/3) Orc:2        Vaults (1/5) D:14
 Depths (0/5) D:15

Altars:
Dithmenos
Fedhas
Gozag
Hepliaklqana
Makhleb
Nemelex Xobeh
Okawaru
Qazlal
Trog
Wu Jian
Yredelemnul
The Shining One

Shops:
D:6 }   D:11 *   Orc:2 *?:[

Portals:
Pandemonium: Orc:2

Annotations:
D:6 1 runed door
Lair:4 exclusion: 4 oklob plants
Vaults:1 Saint Roka


Innate Abilities, Weirdness & Mutations

You are resistant to torment.
Your stone body is resilient. (AC +14)
You are immune to poison.
Your large and strong wings let you fly indefinitely.
You resist negative energy. (rN+)
You are resistant to electric shocks. (rElec)
You can survive without breathing.
You are immune to petrification.
You are immune to rotting.
You have large cloven feet.
Your flesh is cold resistant. (rC+)
Your spells are a little harder to cast, but a little more powerful.
You expend magic power (3 MP) to strengthen your wands.


Message History

You kill the orc wizard!
Okawaru accepts your kill.
The orc wizard gestures wildly while chanting.
The orc wizard blinks!
Firing (i - inventory. (/) - cycle)
k - 420 bolts (quivered)
Aim: an orc wizard, wielding a dagger and wearing a robe (fast)
You shoot a bolt. The bolt hits the orc wizard!!
The bolt freezes the orc wizard.
You kill the orc wizard!
Okawaru accepts your kill.
Firing (i - inventory. (/) - cycle)
k - 419 bolts (quivered)
Aim: an ogre mage, wearing a robe (lightly wounded, fast, lightly drained)
You shoot a bolt. The bolt hits the ogre mage!!
The bolt freezes the ogre mage.
Firing (i - inventory. (/) - cycle)
k - 418 bolts (quivered)
Aim: an ogre mage, wearing a robe (severely wounded, fast, lightly drained)
You shoot a bolt. The bolt hits the ogre mage!
The bolt freezes the ogre mage.
You kill the ogre mage!
Okawaru accepts your kill.
You start resting.
Firing (i - inventory. (/) - cycle)
k - 417 bolts (quivered)
Aim: a deep elf knight, wielding a scimitar and wearing a buckler (lightly wounded, fast)
You shoot a bolt. The bolt hits the deep elf knight!
The bolt freezes the deep elf knight.
Firing (i - inventory. (/) - cycle)
k - 416 bolts (quivered)
Aim: a deep elf knight, wielding a scimitar and wearing a buckler (heavily wounded, fast)
You shoot a bolt. The bolt hits the deep elf knight.
The bolt freezes the deep elf knight.
Firing (i - inventory. (/) - cycle)
k - 415 bolts (quivered)
Aim: a deep elf knight, wielding a scimitar and wearing a buckler (heavily wounded, fast)
You shoot a bolt. The deep elf knight blocks the bolt.
The deep elf knight points at you and mumbles some strange words.
The stone arrow hits you!
* * * LOW HITPOINT WARNING * * *
Firing (i - inventory. (/) - cycle)
k - 414 bolts (quivered)
Aim: a deep elf knight, wielding a scimitar and wearing a buckler (heavily wounded, fast)
You shoot a bolt. The deep elf knight blocks the bolt.
The deep elf knight casts a spell at you.
The stone arrow hits you!
* * * LOW HITPOINT WARNING * * *
Okay, then.
A fierce wind blows from the fan.
The deep elf knight is blown away by the wind.
The deep elf knight points at you and mumbles some strange words.
The stone arrow hits you!
Aim: a deep elf knight, wielding a scimitar and wearing a buckler (heavily wounded, fast)
You reflect the deep elf knight with the mirror, and the mirror shatters!
The deep elf knight blocks your deep elf knight's attack.
The deep elf knight casts a spell at you.
The orb of energy hits you!
You die...

### ####### ###.# ##.....##
###...# ##..##@..## #.....#
#..##.)#..# ....#### #.##..e##.#
)))....# #.##..e##.# ....####
#.##.(.##.# #.....# #..#((##..#
###...# ##..(##..## ###.#
##.))..##
###############'#################


You could see a deep elf knight and a friendly deep elf knight.

Vanquished Creatures
  Mara (Swamp:3)
  Vashnia (Snake:4)
  Gastronok (D:8)
  A thorn hunter (Swamp:4)
  8 nagarajas
  A fire giant (Vaults:1)
  Aizul (Swamp:4)
  Louise (Snake:1)
  3 stone giants
  Azrael (Orc:2)
  3 fire dragons
  Snorg (D:14)
  A yaktaur captain (Vaults:1)
  A great orb of eyes (Vaults:1)
  18 naga warriors
  The ghost of b5mith the Fencer, a journeyman MiBe of Trog (D:11)
  Harold (D:12)
  25 hydras
  8 vault guards (D:14)
  2 ogre magi (Vaults:1)
  5 anacondas
  7 two-headed ogres
  7 alligators
  Erica (D:8)
  8 orc high priests (Orc:2)
  11 naga sharpshooters
  A deep elf knight (Vaults:1)
  Sonja (Orc:2)
  3 soul eaters (Orc:2)
  5 shock serpents
  A sun demon (Volcano)
  5 skeletal warriors (Vaults:1)
  2 fire crabs
  2 salamander mystics
  2 wizards (Vaults:1)
  2 unseen horrors
  3 deep trolls (Vaults:1)
  4 swamp dragons
  3 torturous demonspawn (Orc:2)
  2 shambling mangroves (Swamp:4)
  A gelid demonspawn (Orc:2)
  A deep elf archer (Vaults:1)
  2 ironbrand convokers (Vaults:1)
  An oklob plant (Lair:2)
  Pikel (D:7)
  4 naga ritualists
  6 lindwurms
  11 orc knights
  7 mana vipers
  A necromancer (D:15)
  An orb spider (shapeshifter) (Vaults:1)
  6 deep elf magi
  2 wolf spider zombies
  5 cyclopes
  17 salamanders
  4 orc sorcerers
  11 ugly things
  A manticore (D:13)
  7 elephants
  36 black mambas
  3 ice statues (IceCv)
  A vault sentinel (Vaults:1)
  A rust devil (Orc:2)
  3 guardian serpents
  33 naga magi
  3 molten gargoyles
  2 gargoyles
  A rime drake (Lair:3)
  21 spiny frogs
  5 kobold demonologists
  An efreet (D:12)
  A hellwing (Orc:2)
  11 yaktaurs (Vaults:1)
  2 freezing wraiths
  6 komodo dragons
  11 trolls
  3 polar bears (Lair:6)
  19 hornets
  6 tyrant leeches
  4 bog bodies
  12 dream sheep (Lair:6)
  13 hippogriffs
  28 slime creatures
  13 blink frogs
  A centaur simulacrum (D:15)
  Sigmund (D:6)
  17 spriggans
  2 shadows
  57 yaks
  A water elemental (D:13)
  4 hogs (D:7)
  Eustachio (D:5)
  3 basilisks
  3 wraiths
  4 fire bats
  3 fire elementals
  2 hungry ghosts
  A human (D:7)
  Grum (D:7)
  4 steam dragons (Swamp:4)
  17 vampire mosquitoes
  A neqoxec (Orc:2)
  2 human simulacra (Vaults:1)
  3 wargs (Vaults:1)
  Menkaure (D:6)
  Edmund (D:5)
  19 swamp worms
  15 insubstantial wisps
  34 nagas
  11 water moccasins
  9 porcupines
  7 hell hounds
  A sky beast (D:5)
  Duvessa (D:5)
  14 swamp drakes
  A black bear (shapeshifter) (D:13)
  21 ice beasts
  A phantom (D:5)
  44 orc warriors
  8 black bears
  8 ogres
  A slave (D:7)
  2 eyes of draining
  47 wolves
  10 boggarts
  A necrophage (D:12)
  7 centaurs
  10 crocodiles
  10 big kobolds
  9 bullfrogs
  5 gnoll sergeants
  A scorpion (D:8)
  Dowan (D:5)
  21 killer bees
  12 wights
  4 electric eels
  6 centaur zombies
  3 crimson imps
  4 lava snakes (Volcano)
  5 bullfrog zombies
  5 centaur skeletons
  7 jellies
  34 orc priests
  10 hounds
  29 orc wizards
  A bullfrog skeleton (D:12)
  3 iguanas
  Natasha (thrice) (D:4)
  10 worker ants
  A killer bee zombie (D:7)
  A hound zombie (D:10)
  A hound skeleton (D:6)
  A worker ant zombie (D:11)
  11 gnolls
  13 adders
  A howler monkey skeleton (D:6)
  2 shadow imps
  An ooze (D:2)
  An adder skeleton (D:8)
  An adder zombie (D:5)
  2 worms
  2 dart slugs (D:3)
  8 leopard geckos
  120 orcs
  2 ball pythons
  6 bats
  6 giant cockroaches
  12 goblins
  12 hobgoblins
  19 jackals
  5 quokkas
  14 frilled lizards
  26 kobolds
  6 rats
  A bush (Lair:4)
  3 plants
1346 creatures vanquished.

Vanquished Creatures (collateral kills)
  An ironheart preserver (Vaults:1)
  A two-headed ogre (Vaults:1)
  An orc sorcerer (Vaults:1)
  A vault sentinel (Vaults:1)
  A naga (Snake:3)
  2 orc warriors (Vaults:1)
7 creatures vanquished.

Vanquished Creatures (others)
  A spriggan druid (Swamp:4)
  A centaur skeleton (D:15)
  A swamp drake (Swamp:4)
  An ogre (Vaults:1)
  A bush (D:8)
  14 fungi
  25 plants
44 creatures vanquished.

Grand Total: 1397 creatures vanquished

Notes
Turn   | Place    | Note
-------+----------+-------------------------------------------
     0 | D:1      | MatthieuS the Gargoyle Wanderer began the quest for the Orb.
     0 | D:1      | MatthieuS set off with: a +2 hand crossbow, 25 bolts, a +0 ring mail, a potion of curing {@q1}, a ration, a +0 dagger
     0 | D:1      | Reached XP level 1. HP: 12/12 MP: 1/1
   320 | D:1      | Reached XP level 2. HP: 17/18 MP: 2/2
   540 | D:1      | Reached XP level 3. HP: 18/22 MP: 3/3
  1244 | D:2      | Reached XP level 4. HP: 24/28 MP: 4/4
  1445 | D:2      | Found a bloodstained altar of Trog.
  1445 | D:2      | Found an iron altar of Okawaru.
  1517 | D:2      | Became a worshipper of Warmaster Okawaru
  2120 | D:2      | Reached skill level 4 in Crossbows
  2120 | D:2      | Reached skill level 1 in Invocations
  2120 | D:2      | Reached XP level 5. HP: 10/32 MP: 5/5
  2534 | D:3      | Reached XP level 6. HP: 35/38 MP: 5/7
  2537 | D:3      | Reached * piety under Okawaru
  2557 | D:3      | Reached skill level 1 in Short Blades
  3041 | D:3      | Found a glowing golden altar of the Shining One.
  3151 | D:4      | Noticed Natasha
  3158 | D:4      | Killed Natasha
  3429 | D:4      | Noticed Natasha
  3439 | D:4      | Killed Natasha
  3555 | D:4      | Noticed Natasha
  3561 | D:4      | Killed Natasha
  3561 | D:4      | Reached skill level 5 in Crossbows
  3561 | D:4      | Reached XP level 7. HP: 38/43 MP: 8/8
  3590 | D:4      | Found a burning altar of Makhleb.
  4125 | D:5      | Entered Level 5 of the Dungeon
  4152 | D:5      | Got a slimy chain mail
  4153 | D:5      | Noticed Eustachio
  4180 | D:5      | Killed Eustachio
  4232 | D:5      | Noticed Edmund
  4333 | D:5      | Killed Edmund
  4411 | D:5      | Reached ** piety under Okawaru
  4427 | D:5      | Reached XP level 8. HP: 41/48 MP: 10/10
  4434 | D:5      | Reached skill level 6 in Crossbows
  4751 | D:5      | Reached skill level 5 in Fighting
  4770 | D:5      | Found a stormy altar of Qazlal.
  4781 | D:5      | Identified the +4 chain mail "Nowyph" {Dex+3} (You found it on level 5 of the Dungeon)
  4818 | D:5      | Found a basalt altar of Yredelemnul.
  4819 | D:5      | Found a blossoming altar of Fedhas.
  4947 | D:5      | Noticed Dowan
  4950 | D:5      | Noticed Duvessa
  4954 | D:5      | Killed Dowan
  4971 | D:5      | Killed Duvessa
  4984 | D:5      | Found a hazy altar of Hepliaklqana.
  5108 | D:6      | Found a runed door.
  5165 | D:6      | Reached skill level 5 in Armour
  5192 | D:6      | Found Ronn's Gadget Shoppe.
  5215 | D:6      | Noticed Menkaure
  5225 | D:6      | Reached skill level 7 in Crossbows
  5235 | D:6      | Killed Menkaure
  5235 | D:6      | Reached *** piety under Okawaru
  5235 | D:6      | Reached XP level 9. HP: 30/54 MP: 12/12
  5244 | D:6      | Got an iridescent flail
  5256 | D:6      | Identified the cursed +1 flail of Disaster {elec, Int+3 SInv} (You found it on level 6 of the Dungeon)
  5796 | D:6      | Noticed Sigmund
  5820 | D:6      | Killed Sigmund
  5904 | D:6      | Found a staircase to the Ecumenical Temple.
  6285 | D:7      | Reached skill level 5 in Invocations
  6298 | D:7      | Reached skill level 8 in Crossbows
  6498 | D:7      | Reached **** piety under Okawaru
  6539 | D:7      | Reached XP level 10. HP: 24/61 MP: 14/14
  6991 | D:7      | Reached skill level 9 in Crossbows
  7284 | D:7      | Noticed Pikel
  7298 | D:7      | Killed Pikel
  7460 | D:8      | Noticed Grum
  7654 | D:7      | Killed Grum
  7858 | D:7      | Reached ***** piety under Okawaru
  7860 | D:7      | Received a gift from Okawaru
  7946 | D:8      | Reached skill level 1 in Maces & Flails
  8103 | D:8      | Noticed Gastronok
  8106 | D:8      | Gained mutation: Armour fits poorly on your strangely shaped body. [potion of mutation]
  8106 | D:8      | Gained mutation: Scrolls take you a little longer to read. [potion of mutation]
  8106 | D:8      | Gained mutation: Your mind is acute. (Int +2) [potion of mutation]
  8106 | D:8      | Gained mutation: Your muscles are strong. (Str +2) [potion of mutation]
  8128 | D:8      | Killed Gastronok
  8128 | D:8      | Reached skill level 10 in Crossbows
  8490 | D:8      | Received a gift from Okawaru
  8551 | D:8      | Reached XP level 11. HP: 68/68 MP: 16/16
  8562 | D:8      | Found a staircase to the Lair.
  8567 | D:8      | Noticed Erica
  8606 | D:8      | Killed Erica
  9289 | D:8      | Noticed a two-headed ogre
  9295 | D:8      | Killed a two-headed ogre
  9295 | D:8      | Received a gift from Okawaru
  9488 | D:9      | Lost mutation: Your mind is acute. (Int +2) [potion of mutation]
  9488 | D:9      | Lost mutation: Armour fits poorly on your strangely shaped body. [potion of mutation]
  9488 | D:9      | Lost mutation: Scrolls take you a little longer to read. [potion of mutation]
  9488 | D:9      | Lost mutation: Your muscles are strong. (Str +2) [potion of mutation]
  9488 | D:9      | Gained mutation: You are frail. (-10% HP) [potion of mutation]
  9488 | D:9      | Gained mutation: You are somewhat resistant to further mutation. [potion of mutation]
  9489 | D:9      | Lost mutation: You are somewhat resistant to further mutation. [potion of mutation]
  9489 | D:9      | Lost mutation: You are frail. (-10% HP) [potion of mutation]
  9489 | D:9      | Gained mutation: Your flesh is cold resistant. (rC+) [potion of mutation]
  9489 | D:9      | Gained mutation: You have large cloven feet. [potion of mutation]
  9489 | D:9      | Gained mutation: Your spells are a little harder to cast, but a little more powerful. [potion of mutation]
  9532 | D:9      | Noticed a two-headed ogre
  9542 | D:9      | Killed a two-headed ogre
  9542 | D:9      | Reached skill level 11 in Crossbows
  9610 | D:9      | Found a shadowy altar of Dithmenos.
  9704 | D:9      | Found a sparkling altar of Nemelex Xobeh.
 10159 | D:9      | Found an ornate altar of the Wu Jian Council.
 10292 | D:10     | Entered Level 10 of the Dungeon
 10412 | D:10     | Reached ****** piety under Okawaru
 10450 | D:10     | Received a gift from Okawaru
 10467 | D:10     | Got a transparent lajatang {god gift}
 10638 | D:10     | Identified the +5 lajatang of Abstinence {slice, rPois Dex+4} (Okawaru gifted it to you on level 10 of the Dungeon)
 10969 | D:10     | Noticed a two-headed ogre
 10971 | D:10     | Killed a two-headed ogre
 10971 | D:10     | Reached skill level 1 in Staves
 10971 | D:10     | Reached XP level 12. HP: 76/76 MP: 18/18
 11604 | D:11     | Noticed a two-headed ogre
 11614 | D:11     | Noticed a two-headed ogre
 11614 | D:11     | Killed a two-headed ogre
 11614 | D:11     | Received a gift from Okawaru
 11622 | D:11     | Killed a two-headed ogre
 11828 | D:11     | Found an opulent altar of Gozag.
 11838 | D:11     | Noticed b5mith's ghost (journeyman MiBe)
 11857 | D:11     | Killed b5mith's ghost
 11860 | D:11     | Found Gozag's Platinum Reserve.
 11922 | D:11     | Reached skill level 12 in Crossbows
 11942 | D:11     | Reached skill level 10 in Fighting
 12115 | D:11     | Found a staircase to the Orcish Mines.
 12130 | D:11     | Reached skill level 10 in Armour
 12514 | Lair:1   | Entered Level 1 of the Lair of Beasts
 12953 | Lair:1   | Reached XP level 13. HP: 25/83 MP: 20/20
 12962 | Lair:1   | Received a gift from Okawaru
 12966 | Lair:1   | Reached skill level 10 in Invocations
 13276 | Lair:1   | Reached skill level 5 in Staves
 13482 | Lair:1   | Got an ichor-stained leather armour
 13493 | Lair:1   | Identified the +1 leather armour of Rationality {rElec rPois rC- rCorr} (You found it on level 1 of the Lair of Beasts)
 13851 | Lair:1   | Received a gift from Okawaru
 14079 | Lair:2   | Identified the Grimoire of Flames and Air
 14131 | Lair:2   | Found a staircase to the Snake Pit.
 15476 | Lair:3   | Found a staircase to the Swamp.
 15505 | Lair:3   | Found a sparkling altar of Nemelex Xobeh.
 15896 | Lair:4   | Found the amulet of the Air {Inacc +Fly rElec EV+5 RMsl}
 15900 | Lair:4   | Received a gift from Okawaru
 16079 | Lair:4   | Received a gift from Okawaru
 16080 | Lair:4   | Got a distressingly furry ring mail {god gift}
 16113 | Lair:4   | Found a frozen archway.
 16198 | IceCv    | Entered an ice cave
 16256 | IceCv    | Identified Yroplu's Reference Book on the Lethal Frostbite
 16278 | IceCv    | Identified the +1 ring mail of the Forest {Dex+3 SInv} (Okawaru gifted it to you on level 4 of the Lair of Beasts)
 16868 | IceCv    | Got shimmering ice dragon scales
 16878 | IceCv    | Got a transparent mace
 16930 | Lair:4   | Identified the +9 mace of the Ring {crush, rElec rN++ Str-2} (You found it in an ice cave)
 16943 | Lair:4   | Identified the +1 ice dragon scales "Gady" {rF- rC++ Str+4 Int+2} (You found it in an ice cave)
 16969 | Lair:4   | Identified a scroll of acquirement
 16976 | Lair:4   | Reached skill level 13 in Crossbows
 17217 | Lair:4   | Gained mutation: Your large and strong wings let you fly indefinitely. [Gargoyle growth]
 17217 | Lair:4   | Reached XP level 14. HP: 68/90 MP: 22/22
 17275 | Lair:4   | Got an ancient bronze ring
 17277 | Lair:4   | Identified the ring "Situfaifi" {rElec rN+ MR+} (You acquired it on level 4 of the Lair of Beasts)
 17345 | Lair:4   | Identified the Almanac of Evil Transmigration
 17626 | Lair:5   | Found a staircase to the Slime Pits.
 17744 | Lair:5   | Found a dark tunnel.
 17758 | Volcano  | Entered a volcano
 18029 | Volcano  | Found a burning altar of Makhleb.
 18319 | Lair:5   | Received a gift from Okawaru
 18847 | Lair:6   | Entered Level 6 of the Lair of Beasts
 18920 | Lair:6   | Received a gift from Okawaru
 19012 | Lair:6   | Received a gift from Okawaru
 19585 | Lair:6   | Received a gift from Okawaru
 19950 | Lair:6   | Received a gift from Okawaru
 20258 | Lair:6   | Reached XP level 15. HP: 46/97 MP: 22/24
 20789 | Lair:6   | Got an ancient leather armour
 20806 | Lair:6   | Identified the cursed +1 leather armour of the Dropbear {Dex+4} (You found it on level 6 of the Lair of Beasts)
 21279 | Orc:1    | Entered Level 1 of the Orcish Mines
 21998 | Orc:2    | Entered Level 2 of the Orcish Mines
 22000 | Orc:2    | Noticed Azrael
 22007 | Orc:2    | Noticed Sonja
 22132 | Orc:2    | Killed Azrael
 22140 | Orc:2    | Killed Sonja
 22140 | Orc:2    | Reached skill level 14 in Crossbows
 22297 | Orc:2    | Found Obiomiuj's Magic Scroll Boutique.
 22306 | Orc:2    | Found Zuodonwu's General Store.
 22391 | Orc:2    | Bought a potion of agility for 48 gold pieces
 22391 | Orc:2    | Bought a scroll of summoning for 114 gold pieces
 22391 | Orc:2    | Bought a scroll of blinking for 90 gold pieces
 22393 | Orc:2    | Bought a scroll of summoning for 142 gold pieces
 22393 | Orc:2    | Bought a scroll of identify for 30 gold pieces
 22393 | Orc:2    | Bought a scroll of holy word for 112 gold pieces
 22393 | Orc:2    | Bought a scroll of teleportation for 45 gold pieces
 22393 | Orc:2    | Bought a scroll of enchant weapon for 112 gold pieces
 22393 | Orc:2    | Bought a scroll of identify for 30 gold pieces
 22393 | Orc:2    | Bought a scroll of identify for 30 gold pieces
 22393 | Orc:2    | Bought a scroll of enchant armour for 112 gold pieces
 22393 | Orc:2    | Bought a scroll of identify for 30 gold pieces
 22468 | Orc:2    | Received a gift from Okawaru
 22632 | Orc:2    | Found a staircase to the Elven Halls.
 22765 | Orc:2    | Received a gift from Okawaru
 23195 | Orc:2    | Gained mutation: You expend magic power (3 MP) to strengthen your wands. [a neqoxec]
 23225 | Orc:2    | Received a gift from Okawaru
 23279 | Orc:2    | Received a gift from Okawaru
 23280 | Orc:2    | Found Git Xyit's Antique Armour Emporium.
 23280 | Orc:2    | Found Punekh's Book Shoppe.
 23281 | Orc:2    | Found a one-way gate leading to the halls of Pandemonium.
 23295 | Orc:2    | Got a scorched scale mail {god gift}
 23333 | Orc:2    | Identified the +0 scale mail of the Pleiades {Int+3 Dex+3 SInv} (Okawaru gifted it to you on level 2 of the Orcish Mines)
 24548 | D:12     | Noticed Harold
 24556 | D:12     | Killed Harold
 24988 | D:13     | Reached skill level 1 in Dodging
 25003 | D:13     | Reached XP level 16. HP: 104/104 MP: 22/25
 25831 | D:14     | Found a blossoming altar of Fedhas.
 26043 | D:14     | Noticed Snorg
 26050 | D:14     | Killed Snorg
 26234 | D:14     | Received a gift from Okawaru
 26240 | D:14     | Reached skill level 15 in Crossbows
 26292 | D:14     | Found a gate to the Vaults.
 26784 | D:15     | Entered Level 15 of the Dungeon
 26977 | D:15     | Found a staircase to the Depths.
 27449 | D:15     | Received a gift from Okawaru
 28189 | Swamp:1  | Entered Level 1 of the Swamp
 29221 | Swamp:2  | Reached XP level 17. HP: 101/112 MP: 26/26
 29632 | Swamp:2  | Received a gift from Okawaru
 29928 | Swamp:3  | Noticed Mara
 29933 | Swamp:3  | Noticed MatthieuS's illusion
 29952 | Swamp:3  | Killed Mara
 29952 | Swamp:3  | Reached skill level 15 in Fighting
 29952 | Swamp:3  | Reached skill level 15 in Armour
 30559 | Swamp:4  | Entered Level 4 of the Swamp
 30623 | Swamp:3  | Reached skill level 16 in Crossbows
 32039 | Swamp:3  | Received a gift from Okawaru
 32172 | Swamp:4  | Noticed Aizul
 32195 | Swamp:4  | Killed Aizul
 32202 | Swamp:4  | Reached skill level 5 in Dodging
 32632 | Swamp:4  | Got a decaying rune of Zot
 33106 | Snake:1  | Entered Level 1 of the Snake Pit
 33391 | Snake:1  | Received a gift from Okawaru
 33494 | Snake:1  | Reached XP level 18. HP: 108/120 MP: 27/27
 33610 | Snake:1  | Noticed Louise
 33626 | Snake:1  | Killed Louise
 34392 | Snake:2  | Got a scorched trident
 34409 | Snake:2  | Received a gift from Okawaru
 34415 | Snake:2  | Identified the +11 trident of the Warrior {pain, Dex+4} (You found it on level 2 of the Snake Pit)
 34418 | Snake:2  | Got a pair of ichor-stained gloves {god gift}
 34429 | Snake:2  | Identified the +2 pair of gloves of Okawaru's Supremacy {rPois Regen+} (Okawaru gifted it to you on level 2 of the Snake Pit)
 35873 | Snake:3  | Reached skill level 17 in Crossbows
 36454 | Snake:4  | Entered Level 4 of the Snake Pit
 36454 | Snake:4  | Noticed Vashnia
 36471 | Snake:4  | Killed Vashnia
 36643 | Snake:4  | Received a gift from Okawaru
 36778 | Snake:4  | Reached XP level 19. HP: 103/127 MP: 28/28
 36874 | Snake:4  | Reached skill level 10 in Staves
 36924 | Snake:4  | Received a gift from Okawaru
 36938 | Snake:4  | Got a distressingly furry hat {god gift}
 37107 | Snake:4  | Got a serpentine rune of Zot
 37286 | Snake:4  | Identified the +2 hat "Witid" {rC+ Regen+ Slay+5} (Okawaru gifted it to you on level 4 of the Snake Pit)
 38161 | Vaults:1 | Entered Level 1 of the Vaults
 38414 | Vaults:1 | Reached skill level 18 in Crossbows
 38755 | Vaults:1 | Noticed Saint Roka
 38788 | Vaults:1 | Killed from afar by a deep elf knight

Vault maps used:
D:1:      lemuel_arrival_behind_the_door_large, minmay_pentomino_o4
D:2:      cheibrodos_old_hovel, gammafunk_temple_overflow_wave, minivault_24
D:3:      nicolae_tso_swordbearing_angel
D:4:      makhleb_blood_cavern_becter, uniq_natasha
D:5:      lemuel_doored_altar, nicolae_qazlal_eye_of_the_storm, minitemple,
          first_ration, uniq_duvessa, uniq_eustachio, uniq_edmund
D:6:      minmay_temple_entry_overgrown, serial_shops, nicolae_shop_stone,
          uniq_sigmund, uniq_menkaure, uniq_crazy_yiuf_cottage
D:7:      grunt_livestock, uniq_pikel
D:8:      minmay_lair_entry_grove, uniq_erica, uniq_gastronok, uniq_grum
D:9:      old_standard_altar, nemelex_xobeh_ov_fountains_minmay,
          kennysheep_little_box
D:11:     kennysheep_orc_monster_closet_entryway,
          nicolae_gozag_zags_fifth_avenue
D:12:     uniq_harold
D:14:     erik_vaults_2, lab_entry_generic, fedhas_altar_1, uniq_snorg
D:15:     grunt_enter_depths_magical_seal, minmay_misc_feat_room,
          serial_bayou_crossing
Lair:1:   lemuel_fruit_fields
Lair:2:   minmay_snake_entry_guardpost_small, minmay_lair_oklob_items
Lair:3:   swamp_mist, basic_altar
Lair:4:   portal_ice_cave_entry_ice_beasts, minmay_lindwurm_lava,
          minmay_lair_oklob_chamber
Lair:5:   nicolae_slime_entry_slimehenge, enter_volcano_1
Lair:6:   minmay_lair_end_enchanted_forest, wad_woods_river_03
Swamp:1:  serial_swamp_ruin, evilmike_swamp_ruin_rubble_2,
          evilmike_swamp_ruin_house_6, evilmike_swamp_ruin_house_1
Swamp:2:  evilmike_swamp_ruin_rubble_1, swamp_pool4
Swamp:3:  infiniplex_staircase_pool, swamp_pool2, uniq_mara
Swamp:4:  swamp_fiery, swamp_pool3, uniq_aizul
Snake:1:  uniq_louise
Snake:2:  lemuel_fruit_tree
Snake:3:  grunt_ministairs_9, st_stairs_14, spider_trap
Snake:4:  snake_pit, nicolae_snake_shapes, uniq_vashnia
Orc:1:    guppyfry_library_mini
Orc:2:    pf_orc_diabolical, uniq_sonja, uniq_azrael
Vaults:1: v_pattern_5, v_rooms_1, serial_ice_h, vaults_mumra_lcd,
          nicolae_vaults_little_squares_5, grunt_vaults_trifunnel,
          nicolae_vaults_ring_of_whatevers, ontoclasm_vaults_gallery,
          grunt_vaults_swirl, ontoclasm_vaults_eye, ontoclasm_vaults_chip,
          uniq_saint_roka
IceCv:    ice_cave_statue_garden_chambered
Volcano:  volcano_lake

Skill      XL: |  1  2  3  4  5  6  7  8  9 10 11 12 13 14 15 16 17 18 19 |
---------------+----------------------------------------------------------+-----
Armour         | 2 3 4 5 6 7 9 10 11 12 13 14 15 16 17 | 17.4
Fighting       | 3 4 5 6 8 9 10 11 12 13 14 15 16 17 | 17.5
Stealth        | 4 |  4.0
Crossbows      | 4 5 7 8 10 11 12 13 14 15 16 17 18 | 18.2
Invocations    | 1 2 3 4 5 7 8 9 11 12 13 | 13.0
Short Blades   | 1 2 3 |  3.0
Maces & Flails | 3 4 |  4.0
Staves         | 1 4 6 8 9 10 | 10.7
Dodging        | 1 3 5 6 |  6.3
Throwing       | |  1.0

Action                   |  1- 3 |  4- 6 |  7- 9 | 10-12 | 13-15 | 16-18 | 19-21 || total
-------------------------+-------+-------+-------+-------+-------+-------+-------++-------
Melee: Dagger            |   150 |   207 |   258 |    56 |       |       |       ||   671
       Whip              |       |       |       |   348 |       |       |       ||   348
       Lajatang          |       |       |       |   249 |   749 |   211 |       ||  1209
       Arbalest          |       |       |       |       |       |     2 |       ||     2
 Fire: Hand crossbow     |    36 |    54 |   101 |    28 |       |       |       ||   219
       Arbalest          |       |       |       |   115 |   795 |  1382 |   346 ||  2638
       Triple crossbow   |       |       |       |       |       |    11 |       ||    11
Invok: Heroism           |       |       |     1 |     6 |    26 |    19 |     6 ||    58
       Finesse           |       |       |       |       |       |     4 |     1 ||     5
 Abil: Fly               |       |       |       |       |     1 |       |       ||     1
Evoke: Wand              |       |       |       |       |     8 |       |       ||     8
       Fan of gales      |       |       |       |       |       |       |     1 ||     1
       Phantom mirror    |       |       |       |       |       |       |     1 ||     1
  Use: Scroll            |       |     3 |     6 |       |    19 |     5 |    10 ||    43
       Potion            |       |     2 |     2 |    10 |     1 |     2 |     1 ||    18
 Stab: Sleeping          |     1 |     6 |       |       |     2 |       |       ||     9
  Eat: Chunk             |     1 |     8 |    11 |    21 |    22 |    18 |       ||    81
       Ration            |       |       |       |       |     5 |     6 |     2 ||    13
Armor: Ring mail         |   109 |    81 |       |   133 |   239 |       |       ||   562
       Scale mail        |       |    48 |    72 |       |       |       |       ||   120
       Chain mail        |       |       |   108 |   353 |       |       |       ||   461
       Skin              |       |       |       |     6 |       |       |       ||     6
       Plate armour      |       |       |       |       |   700 |  1121 |   140 ||  1961
Dodge: Dodged            |   148 |   115 |   199 |   529 |   903 |   823 |   125 ||  2842

Table legend:
 A = Spawn XP
 B = Non-spawn XP
 C = Spawn XP percentage of total XP
 D = Spawn monster count
 E = Non-spawn monster count
 F = Spawn count percentage of total count
 G = Total turns spent on level
                    A         B        C        D         E        F      G
               +---------+---------+-------+---------+---------+-------+---------
         Total |       0 |  378946 |   0.0 |       0 |    1350 |   0.0 | 38788
               +---------+---------+-------+---------+---------+-------+---------
           D:1 |       0 |      64 |   0.0 |       0 |      34 |   0.0 |  1216
           D:2 |       0 |     119 |   0.0 |       0 |      22 |   0.0 |  1055
           D:3 |       0 |     327 |   0.0 |       0 |      31 |   0.0 |   823
           D:4 |       0 |     175 |   0.0 |       0 |      14 |   0.0 |  1031
           D:5 |       0 |    1243 |   0.0 |       0 |      20 |   0.0 |   969
           D:6 |       0 |    1096 |   0.0 |       0 |      21 |   0.0 |  1500
           D:7 |       0 |    3258 |   0.0 |       0 |      47 |   0.0 |  1316
           D:8 |       0 |    7213 |   0.0 |       0 |      41 |   0.0 |  1685
           D:9 |       0 |    2217 |   0.0 |       0 |      13 |   0.0 |   941
          D:10 |       0 |    4911 |   0.0 |       0 |      35 |   0.0 |  1349
          D:11 |       0 |    8769 |   0.0 |       0 |      68 |   0.0 |  1285
          D:12 |       0 |    6318 |   0.0 |       0 |      49 |   0.0 |   788
          D:13 |       0 |    8221 |   0.0 |       0 |      47 |   0.0 |   835
          D:14 |       0 |   21297 |   0.0 |       0 |      65 |   0.0 |  1112
          D:15 |       0 |    8647 |   0.0 |       0 |      27 |   0.0 |  1210
        Lair:1 |       0 |    6535 |   0.0 |       0 |      27 |   0.0 |  1547
        Lair:2 |       0 |    4110 |   0.0 |       0 |      16 |   0.0 |  1201
        Lair:3 |       0 |    6026 |   0.0 |       0 |      21 |   0.0 |  1159
        Lair:4 |       0 |    9704 |   0.0 |       0 |      34 |   0.0 |  1003
        Lair:5 |       0 |    8691 |   0.0 |       0 |      34 |   0.0 |  1040
        Lair:6 |       0 |   20732 |   0.0 |       0 |      91 |   0.0 |  1974
       Swamp:1 |       0 |   13634 |   0.0 |       0 |      40 |   0.0 |   818
       Swamp:2 |       0 |    8012 |   0.0 |       0 |      22 |   0.0 |   686
       Swamp:3 |       0 |   21655 |   0.0 |       0 |      38 |   0.0 |  2093
       Swamp:4 |       0 |   27619 |   0.0 |       0 |      59 |   0.0 |  1072
       Snake:1 |       0 |   18335 |   0.0 |       0 |      31 |   0.0 |  1032
       Snake:2 |       0 |   18820 |   0.0 |       0 |      35 |   0.0 |  1326
       Snake:3 |       0 |   15192 |   0.0 |       0 |      29 |   0.0 |   881
       Snake:4 |       0 |   55599 |   0.0 |       0 |      79 |   0.0 |  1401
         Orc:1 |       0 |    4265 |   0.0 |       0 |      39 |   0.0 |   832
         Orc:2 |       0 |   27636 |   0.0 |       0 |     126 |   0.0 |  1744
      Vaults:1 |       0 |   31704 |   0.0 |       0 |      71 |   0.0 |   627
         IceCv |       0 |    3235 |   0.0 |       0 |      11 |   0.0 |   730
       Volcano |       0 |    3567 |   0.0 |       0 |      13 |   0.0 |   507
               +---------+---------+-------+---------+---------+-------+---------
